Map: Base du roi Sejong EC

Players

zidar

  • Race: Zerg Zerg
  • League: Platinum
  • Spawn Location: 11:00

DonMario - Winner!

  • Race: Terran Terran
  • League: Gold
  • Spawn Location: 5:00

VOD

Have the link to the VOD?

Description

Time

  • Played on: Oct. 12, 2016, 11:42 a.m.
  • Length: 10:59
Show
View Real Time Build Order
Export as new Build Order

zidar Zerg 

Build Orders: Hatch First 

Get SALT Encoding   

  12  0:01  Drone  
  13  0:12  Overlord  
  13  0:17  Drone  
  14  0:31  Drone x2  
  16  0:52  Hatchery  
  16  0:53  Drone  
  16  0:56  Extractor  
  15  0:59  Drone  
  16  1:19  Spawning Pool  
  16  1:22  Drone  
  16  1:25  Drone  
  17  1:28  Drone  
  18  1:33  Drone  
  19  2:08  Queen x2  
  21  2:10  Zergling x8  
  27  2:15  Metabolic Boost  
  27  2:24  Drone  
  27  2:28  Overlord  
  28  2:58  Overlord x2  
  28  3:15  Roach Warren  
  27  3:23  Drone x8  
  35  3:36  Zergling x10  
  40  4:02  Lair  
  40  4:14  Overlord  
  40  4:15  Overlord x2  
  40  4:23  Extractor  
  38  4:35  Queen  
  40  4:38  Roach  
  40  4:39  Roach x5  
  52  5:04  Hatchery  
  51  5:08  Glial Reconstitution  
  51  5:12  Drone x8  
  59  5:14  Overlord  
  59  5:32  Queen  
  61  5:36  Baneling Nest  
  61  5:42  Evolution Chamber, Drone x3  
  62  5:43  Evolution Chamber  
  62  5:47  Drone x3  
  64  6:01  Extractor  
  64  6:03  Extractor  
  60  6:45  Overseer  
  60  6:49  Zerg Ground Armor Level 1, Zerg Melee Weapons Level 1  
  60  6:55  Spire  
  60  7:01  Infestation Pit  
  58  7:10  Drone  
  58  7:11  Drone x3  
  58  7:14  Drone  
  58  7:15  Drone x3  
  66  7:16  Drone x5  
  71  7:27  Drone x2  
  71  7:29  Overlord x6  
  73  7:39  Hive  
  73  7:46  Pneumatized Carapace  
  73  7:50  Drone x3  
  74  8:30  Queen  
  76  8:43  Baneling x5  
  76  8:46  Roach x15  
  76  8:47  Roach x7  
  108  9:06  Roach x2  
  108  9:07  Roach x4  
  92  9:24  Roach x7  
  72  9:25  Roach  
  80  9:36  Zergling x6  
  45  9:54  Zergling x8  
  47  10:03  Zergling x4  
  47  10:05  Ravager x2  
  47  10:06  Ravager x3  
  50  10:13  Overseer x2  
  50  10:14  Baneling  
  50  10:16  Baneling x6  
Show
View Real Time Build Order
Export as new Build Order

DonMario Terran - Winner!

Build Orders:  

Get SALT Encoding   

  12  0:01  SCV  
  13  0:13  SCV  
  14  0:20  Supply Depot  
  14  0:25  SCV  
  15  0:41  SCV  
  16  0:45  Barracks  
  16  0:49  Refinery  
  16  0:53  SCV  
  17  1:05  SCV  
  18  1:17  SCV  
  19  1:30  SCV  
  20  1:36  Supply Depot  
  20  1:37  Barracks Reactor  
  20  1:47  Command Center  
  20  1:51  SCV  
  21  2:04  Orbital Command  
  21  2:14  Factory  
  21  2:16  Marine  
  21  2:17  Marine  
  23  2:31  SCV  
  24  2:47  Marine x2  
  26  3:13  Bunker  
  30  3:25  Widow Mine x2, SCV  
  31  3:30  Barracks Tech Lab  
  31  3:37  SCV  
  32  3:41  SCV, Supply Depot  
  32  3:45  Refinery  
  33  3:49  SCV  
  33  3:53  SCV  
  35  4:07  Barracks  
  35  4:08  Marine, SCV x2  
  38  4:11  Hellion x2  
  42  4:28  Marauder  
  44  4:49  Bunker  
  44  4:56  Barracks  
  44  4:58  Barracks  
  43  5:01  Barracks  
  43  5:05  Starport  
  47  5:10  Widow Mine x2, SCV x2  
  47  5:12  Marine  
  50  5:22  SCV x2  
  52  5:31  Marine  
  52  5:34  SCV  
  54  5:46  Engineering Bay  
  54  5:48  Barracks Tech Lab  
  54  5:49  Barracks Tech Lab  
  54  5:52  Factory Tech Lab  
  52  6:21  Marauder x2  
  54  6:27  Marine x2, Marauder, Medivac x2  
  62  6:36  Siege Tank  
  65  6:40  SCV x2  
  65  6:42  Marine x2  
  65  6:44  Marine, Terran Infantry Weapons Level 1  
  65  6:46  Stimpack  
  70  6:49  Supply Depot  
  70  7:07  Command Center  
  70  7:11  Marine x5, SCV x2  
  70  7:12  Supply Depot  
  70  7:14  Refinery  
  77  7:29  Marine  
  78  7:33  Marine x2, Medivac x2  
  78  7:34  Marauder  
  86  7:46  Marauder  
  86  7:47  Marauder  
  86  7:50  Supply Depot x2, Orbital Command  
  90  7:51  Marine x2  
  90  7:52  Supply Depot  
  90  7:55  Marine  
  93  8:06  Marine  
  93  8:11  Marine x2, Marauder, SCV  
  99  8:13  Marauder  
  101  8:23  SCV  
  101  8:25  Marauder  
  104  8:29  Marine x2  
  104  8:32  Marine  
  83  9:52  Marine x2, Marauder x3  
  91  9:55  Siege Tank  
  94  10:10  Marine x2  
  94  10:13  Marine, Marauder x2  
  101  10:27  Siege Tank  
  101  10:28  Marine  
Tags
 
Add a new tag
Caveats
  • Supply blocks, unpowered buildings, or Contaminate may cause inaccurate times.
  • Supply counts are checked every 10 seconds.